[Event "Late-Titled-Tuesday-Blitz-October-24-2023"]
[Site "Chess.com"]
[Date "2023.10.24"]
[Round "4"]
[White "tylityli"]
[Black "miraitrunks"]
[Result "1/2-1/2"]
[WhiteElo "2317"]
[BlackElo "2116"]
[TimeControl "180+1"]
[EndTime "14:35:10 PDT"]
[Termination "Game drawn by agreement"]

1. d4 Nf6 2. c4 c5 3. d5 b5 4.
Qc2 bxc4 5. e4 d6 6. Bxc4 g6 7. b3 Bg7 8. Bb2 O-O 9. Nd2 Ba6 10. Ngf3 Bxc4 11. bxc4 Nbd7 12. O-O Rb8 13. Bc3 Ng4 14.
Bxg7 Kxg7 15. Qc3+ Kg8 16. Rab1 Qc7 17. a4 Rxb1 18. Rxb1 Rb8 19. Rb3 Rxb3 20. Qxb3 Qb6 21. h3 Nge5 1/2-1/2

[Event "Late-Titled-Tuesday-Blitz-October-24-2023"]
[Site "Chess.com"]
[Date "2023.10.24"]
[Round "4"]
[White "Blitzstream"]
[Black "HansOnTwitch"]
[Result "0-1"]
[WhiteElo "2817"]
[BlackElo "3039"]
[TimeControl "180+1"]
[EndTime "14:35:27 PDT"]
[Termination "HansOnTwitch won by resignation"]

1. d4 Nf6 2. Bg5 d5 3. Nd2 c5 4. e3 cxd4 5. exd4 Qb6 6. Ngf3 Nc6 7. c4 e6 8. Bxf6 gxf6 9. cxd5 exd5 10. Be2 Rg8 11. O-O Bh3 12. Ne1 Nxd4 13. Ndf3 Nxe2+ 14. Qxe2+ Be7 15. Nd3 Bxg2 0-1

[Event "Late-Titled-Tuesday-Blitz-October-24-2023"]
[Site "Chess.com"]
[Date "2023.10.24"]
[Round "4"]
[White "ExchangeAB"]
[Black "PushingpawnsNYC"]
[Result "1-0"]
[WhiteElo "2517"]
[BlackElo "2343"]
[TimeControl "180+1"]
[EndTime "14:35:27 PDT"]
[Termination "ExchangeAB won by checkmate"]

1. d4 Nf6 2. Nc3 d5 3. Bf4 g6 4. e3 Bg7 5. h4 h5 6. Nf3 c6 7.
Ne5 b5 8. a3 Bf5 9. Bd3 Qc8 10.
f3 e6 11. g4 Bxd3 12. Qxd3 Nbd7 13. g5 Nh7 14. Nxg6 fxg6 15. Qxg6+ Kf8 16. Bd6+ Kg8 17.
Qxe6# 1-0

[Event "Late-Titled-Tuesday-Blitz-October-24-2023"]
[Site "Chess.com"]
[Date "2023.10.24"]
[Round "4"]
[White "Sjakkerntobi"]
[Black "Krakozia"]
[Result "0-1"]
[WhiteElo "2508"]
[BlackElo "2928"]
[TimeControl "180+1"]
[EndTime "14:35:51 PDT"]
[Termination "Krakozia won by checkmate"]

1. e4 c5 2. Nf3 e6 3. d4 cxd4 4. Nxd4 a6 5. c4 Nf6 6. Nc3 Qc7 7. a3 b6 8. Be2 Bb7 9. Qd3 Be7 10. O-O O-O 11. b4 d6 12. f4 Re8 13. Bb2 Nbd7 14. g4 e5 15. Nf5 exf4 16. g5 Ne5 17. Qh3 Nxe4 18. Nxe4 Bxe4 19. Rae1 Bxg5 20. Nxg7 Kxg7 21. Qg4 Kh8 22. Kf2 Rg8 23. h4 Bxh4+ 24. Qxh4 Rg2# 0-1

[Event "Late-Titled-Tuesday-Blitz-October-24-2023"]
[Site "Chess.com"]
[Date "2023.10.24"]
[Round "4"]
[White "mr_gustavo"]
[Black "ural58"]
[Result "0-1"]
[WhiteElo "2636"]
[BlackElo "2518"]
[TimeControl "180+1"]
[EndTime "14:35:53 PDT"]
[Termination "ural58 won by resignation"]

1. g3 d5 2. Bg2 Nc6 3. d4 Bf5 4. Nf3 Nb4 5. Na3 e6 6. O-O h6 7. c4 Nf6 8. Ne5 Be7 9. Bf4 O-O 10. Nb5 c6 11. Nc3 Nd7 12. Nxd7 Qxd7 13. a3 Na6 14. e4 dxe4 15. Nxe4 Rad8 16. Be3 Bxe4 17. Bxe4 Bf6 18. Qh5 Bxd4 19. Rad1 e5 20. b4 f5 21. Bc2 Qf7 22.
Bxd4 Qxh5 0-1

[Event "Late-Titled-Tuesday-Blitz-October-24-2023"]
[Site "Chess.com"]
[Date "2023.10.24"]
[Round "4"]
[White "gunslinger222"]
[Black "HaryKane"]
[Result "0-1"]
[WhiteElo "2338"]
[BlackElo "2518"]
[TimeControl "180+1"]
[EndTime "14:36:19 PDT"]
[Termination "HaryKane won by resignation"]

1. d4 d5 2. Nf3 c6 3. g3 Nf6 4. Bg2 e6 5. O-O Nbd7 6. c4 Be7 7.
b3 O-O 8. Bb2 b6 9. Nc3 Bb7 10.
Qc2 Rc8 11. Rac1 c5 12. dxc5 Bxc5 13. cxd5 Nxd5 14. Qb1 Qe7 15. Nxd5 Bxd5 16. e4 Bb7 17. Qd3 Rfd8 18. Qe2 e5 19. Bh3 f6 20. Rcd1 Rc7 21.
Qc4+ Kh8 22. b4 Bxf2+ 0-1

[Event "Late-Titled-Tuesday-Blitz-October-24-2023"]
[Site "Chess.com"]
[Date "2023.10.24"]
[Round "4"]
[White "ValeriyGrinev"]
[Black "SergioMoralesG"]
[Result "1-0"]
[WhiteElo "2602"]
[BlackElo "2410"]
[TimeControl "180+1"]
[EndTime "14:36:21 PDT"]
[Termination "ValeriyGrinev won by resignation"]

1. c4 Nf6 2. Nc3 c6 3. e4 d5 4. e5 d4 5. exf6 dxc3 6. bxc3 exf6 7. d4 Bd6 8. Bd3 O-O 9. Ne2 c5 10. O-O Qc7 11. Ng3 g6 12. Bh6 Re8 13. Re1 Bd7 14. Qf3 Bxg3 15. Rxe8+ Bxe8 16. Qxf6 1-0

[Event "Late-Titled-Tuesday-Blitz-October-24-2023"]
[Site "Chess.com"]
[Date "2023.10.24"]
[Round "4"]
[White "protectiago"]
[Black "Triumphmate"]
[Result "0-1"]
[WhiteElo "2064"]
[BlackElo "2526"]
[TimeControl "180+1"]
[EndTime "14:36:41 PDT"]
[Termination "Triumphmate won by resignation"]

1. d4 d5 2. c4 e6 3. Nf3 Nf6 4. g3 Be7 5. Bg2 O-O 6. O-O dxc4 7. Ne5 c5 8. dxc5 Bxc5 9. Qa4 Qc7 10. Nxc4 Nc6 11.
Nc3 a6 12. Bg5 b5 13. Nxb5 axb5 14. Qxb5 Nd4 15. Bf4 Qe7 16. Bxa8 Nxb5 17. a4 Nd4 0-1

[Event "Late-Titled-Tuesday-Blitz-October-24-2023"]
[Site "Chess.com"]
[Date "2023.10.24"]
[Round "4"]
[White "NotFischer"]
[Black "Roedor"]
[Result "1-0"]
[WhiteElo "2256"]
[BlackElo "2438"]
[TimeControl "180+1"]
[EndTime "14:36:57 PDT"]
[Termination "NotFischer won by resignation"]

1. b4 e5 2. Bb2 Bxb4 3. Bxe5 Nf6 4.
c3 Ba5 5. e3 d5 6. Bxf6 Qxf6 7.
d4 O-O 8. Bd3 c5 9. Ne2 Nc6 10.
O-O Re8 11. Nd2 c4 12. Bc2 Bc7 13. Ng3 g6 14. e4 dxe4 15. Ndxe4 Qh4 16. Qf3 Bg4 17. Qxg4 Bxg3 18. hxg3 Qxg4 19. Nf6+ Kg7 20. Nxg4 Re2 21. Rac1 b5 22. Rfe1 Rae8 23. Kf1 Rxe1+ 24. Rxe1 Rb8 25. Ne5 Nd8 26. Nd7 Rc8 27. Nc5 Nc6 28.
Be4 Ne7 29. Bf3 Nf5 30. a4 b4 31. cxb4 Nxd4 32. Rc1 Nb3 33. Nxb3 cxb3 34. Rxc8 b2 35.
Be4 1-0

[Event "Late-Titled-Tuesday-Blitz-October-24-2023"]
[Site "Chess.com"]
[Date "2023.10.24"]
[Round "4"]
[White "KorolDimitriy75"]
[Black "jactorres"]
[Result "1-0"]
[WhiteElo "2362"]
[BlackElo "2503"]
[TimeControl "180+1"]
[EndTime "14:37:04 PDT"]
[Termination "KorolDimitriy75 won by resignation"]

1. d4 Nf6 2. c4 e6 3. Nc3 d5 4. Bg5 Be7 5. cxd5 exd5 6. e3 O-O 7. Bd3 c6 8. Qc2 Nbd7 9. Nge2 Re8 10. f3 Nf8 11. O-O Be6 12. Rad1 Rc8 13. e4 c5 14. e5 N6d7 15. Bxe7 Qxe7 16. f4 cxd4 17. Nxd4 Qc5 18. Qf2 Bg4 19. Rde1 Ne6 20. Ndb5 a6 21. Nd6 1-0

[Event "Late-Titled-Tuesday-Blitz-October-24-2023"]
[Site "Chess.com"]
[Date "2023.10.24"]
[Round "4"]
[White "midedu"]
[Black "emiliochess"]
[Result "1-0"]
[WhiteElo "2068"]
[BlackElo "2302"]
[TimeControl "180+1"]
[EndTime "14:37:04 PDT"]
[Termination "midedu won by resignation"]

1. e4 c5 2. Nc3 e6 3. g3 g6 4. Bg2 Bg7 5. Nge2 Ne7 6. d4 O-O 7. dxc5 Qc7 8. Be3 b6 9. cxb6 axb6 10. O-O Bb7 11. a3 Nbc6 12. Rc1 Rfd8 13. f4 d5 14. exd5 Nxd5 15. Nxd5 exd5 16. Nd4 Re8 17.
Bf2 Ba6 18. Nxc6 Bxf1 19. Kxf1 Qxc6 20. Bxd5 Qb5+ 21. c4 Qxb2 22. Bxa8 Rxa8 23. Rb1 Qxa3 24. Rxb6 Qc3 25. Qb3 Ra1+ 26. Kg2 Qd3 27. Qxd3 1-0

[Event "Late-Titled-Tuesday-Blitz-October-24-2023"]
[Site "Chess.com"]
[Date "2023.10.24"]
[Round "4"]
[White "FM_Kappeler"]
[Black "akanga001"]
[Result "1-0"]
[WhiteElo "2293"]
[BlackElo "2037"]
[TimeControl "180+1"]
[EndTime "14:37:12 PDT"]
[Termination "FM_Kappeler won by resignation"]

1. d4 d5 2. c4 e6 3. Nf3 Nf6 4. g3 Be7 5. Bg2 O-O 6. O-O dxc4 7. Qa4 a6 8. Qxc4 b5 9. Qc2 Bb7 10. Bg5 Nbd7 11. Bxf6 Bxf6 12. Nbd2 Rc8 13. Nb3 Be7 14. Rfd1 Nf6 15. Rac1 Be4 16. Qd2 Nd5 17. a3 b4 18. a4 Nb6 19. a5 Na4 20. Ne5 Qd5 21.
Bxe4 Qxe4 22. Nc6 Bd6 23. Rc4 Qd5 24. Rdc1 e5 25. Rxb4 Bxb4 26. Qxb4 Nxb2 27. Ne7+ 1-0

[Event "Late-Titled-Tuesday-Blitz-October-24-2023"]
[Site "Chess.com"]
[Date "2023.10.24"]
[Round "4"]
[White "kalxandria"]
[Black "Miguelitro69"]
[Result "0-1"]
[WhiteElo "2003"]
[BlackElo "2307"]
[TimeControl "180+1"]
[EndTime "14:37:13 PDT"]
[Termination "Miguelitro69 won by resignation"]

1. e4 c5 2. Nf3 Nc6 3. d4 cxd4 4. Nxd4 g6 5. c4 Bg7 6. Nc2 Nf6 7. Nc3 O-O 8. Bd2 d6 9. Be2 Bd7 10. O-O a6 11.
Rb1 Rb8 12. b4 Qc7 13. Ne3 Nd4 14. Ncd5 Nxd5 15. Nxd5 Qd8 16. Bd3 b5 17. Bg5 Re8 18. Re1 bxc4 19. Bxc4 Bb5 20. Bxb5 Nxb5 21. Rc1 h6 22.
Bh4 g5 23. Bg3 e6 24. Ne3 Nc3 25. Qb3 Nxe4 26. Bxd6 Nxd6 0-1

[Event "Late-Titled-Tuesday-Blitz-October-24-2023"]
[Site "Chess.com"]
[Date "2023.10.24"]
[Round "4"]
[White "lluiss"]
[Black "Kombinator01"]
[Result "1-0"]
[WhiteElo "2208"]
[BlackElo "2425"]
[TimeControl "180+1"]
[EndTime "14:37:14 PDT"]
[Termination "lluiss won by resignation"]

1. Nf3 b6 2. e4 c5 3. Nc3 e6 4. d4 cxd4 5. Nxd4 a6 6. g3 Bb7 7. Bg2 Nc6 8. Be3 Qc7 9. O-O Nf6 10. Re1 Be7 11. Nd5 exd5 12. exd5 O-O 13. dxc6 dxc6 14.
Nf5 Rfe8 15. Bxb6 Qxb6 16. Rxe7 Red8 17. Qf3 Qxb2 18. Rae1 Rab8 19. c3 Re8 20. Nh6+ Kh8 21. Nxf7+ Kg8 22. Nh6+ Kh8 23. Rxe8+ 1-0

[Event "Late-Titled-Tuesday-Blitz-October-24-2023"]
[Site "Chess.com"]
[Date "2023.10.24"]
[Round "4"]
[White "Sanyura"]
[Black "Atanejhad"]
[Result "1-0"]
[WhiteElo "2611"]
[BlackElo "2384"]
[TimeControl "180+1"]
[EndTime "14:37:15 PDT"]
[Termination "Sanyura won by resignation"]

1. Nf3 Nf6 2. g3 g6 3. Bg2 Bg7 4. O-O O-O 5. d4 d6 6. c4 Nbd7 7. Nc3 e5 8. dxe5 dxe5 9. Bg5 Re8 10. Qc2 h6 11. Bxf6 Nxf6 12. Rad1 Qe7 13. Nd5 Nxd5 14.
cxd5 Qd6 15. Rc1 Re7 16. Nd2 Bf5 17. e4 Bg4 18. h3 Bc8 19. Nc4 Qa6 20. Rfd1 Bd7 21.
Bf1 Qf6 22. d6 cxd6 23. Rxd6 Qg5 24. h4 Qh5 25. Rxd7 Rxd7 26. Be2 Rc8 27. Bxh5 gxh5 28. Qb1 Rdc7 29. Rc3 Rd7 30. Ne3 1-0

[Event "Late-Titled-Tuesday-Blitz-October-24-2023"]
[Site "Chess.com"]
[Date "2023.10.24"]
[Round "4"]
[White "jaskol95"]
[Black "Evandro_Barbosa"]
[Result "0-1"]
[WhiteElo "2540"]
[BlackElo "2692"]
[TimeControl "180+1"]
[EndTime "14:37:18 PDT"]
[Termination "Evandro_Barbosa won by resignation"]

1. e4 c5 2. Nf3 e6 3. b4 cxb4 4. d4 d5 5. e5 Nc6 6. a3 b3 7.
cxb3 Qb6 8. Bb2 Bd7 9. Bd3 Nge7 10. O-O Nf5 11. Bxf5 exf5 12. Nc3 Be6 13. Rc1 Be7 14. Na4 Qd8 15. Nc5 Bxc5 16. Rxc5 O-O 17. a4 Rc8 18. Ba3 Re8 19. Qd2 h6 20. Rfc1 Qb6 21. Qd3 f4 22. Rb5 Qc7 23. Bd6 Qd7 24. Qd2 Bg4 25.
Qxf4 Bxf3 26. gxf3 Nxd4 27. Qxd4 Rxc1+ 28. Kg2 Re6 29.
f4 Rg6+ 30. Kf3 Qg4+ 31. Ke3 Re1+ 32. Kd2 Rd1+ 33. Kc3 0-1

[Event "Late-Titled-Tuesday-Blitz-October-24-2023"]
[Site "Chess.com"]
[Date "2023.10.24"]
[Round "4"]
[White "dodoucb"]
[Black "Beca95"]
[Result "0-1"]
[WhiteElo "2607"]
[BlackElo "2918"]
[TimeControl "180+1"]
[EndTime "14:37:25 PDT"]
[Termination "Beca95 won by resignation"]

1. d4 Nf6 2. Nf3 e6 3. c4 c5 4. d5 d6 5. Nc3 exd5 6. cxd5 g6 7.
a4 Bg7 8. e4 O-O 9. Nd2 Re8 10.
Be2 Na6 11. O-O Nc7 12. f3 b6 13. Nc4 Ba6 14. Bf4 Bxc4 15. Bxc4 a6 16. Qd2 Rb8 17. Qd3 Nh5 18. Be3 Qc8 19. Rae1 Qb7 20. g4 Nf6 21. Ba2 b5 22. axb5 axb5 23. h3 Nd7 24. f4 c4 25. Qd2 b4 26. Nd1 Rxe4 27. Bb1 Ree8 28. Bd4 Qxd5 0-1

[Event "Late-Titled-Tuesday-Blitz-October-24-2023"]
[Site "Chess.com"]
[Date "2023.10.24"]
[Round "4"]
[White "Jospem"]
[Black "Binary010"]
[Result "1-0"]
[WhiteElo "3085"]
[BlackElo "2853"]
[TimeControl "180+1"]
[EndTime "14:37:31 PDT"]
[Termination "Jospem won on time"]

1. e4 e5 2. Nf3 Nc6 3. Bb5 a6 4. Ba4 Nf6 5. d3 b5 6. Bb3 Bc5 7. c3 d6 8. h3 h6 9. Nbd2 Bb6 10. Nf1 O-O 11. g4 d5 12. Qe2 dxe4 13. dxe4 Na5 14. g5 Nxb3 15. axb3 Nh7 16. gxh6 g6 17. Be3 Bb7 18.
N1d2 Qf6 19. Rg1 Kh8 20. h4 Qe7 21. Bxb6 cxb6 22. Qe3 Nf6 23. Rg5 Rfe8 24. O-O-O Rad8 25. Rxe5 Qc7 26. Rxe8+ Rxe8 27. Ng5 Ng4 28. Qd4+ f6 29. Ndf3 Ne5 30. Nxe5 fxe5 31. Qd7 1-0

[Event "Late-Titled-Tuesday-Blitz-October-24-2023"]
[Site "Chess.com"]
[Date "2023.10.24"]
[Round "4"]
[White "Mikhal867"]
[Black "GoltsevDmitry2000"]
[Result "0-1"]
[WhiteElo "2437"]
[BlackElo "2647"]
[TimeControl "180+1"]
[EndTime "14:37:34 PDT"]
[Termination "GoltsevDmitry2000 won on time"]

1. d4 e6 2. g3 h5 3. h4 Nf6 4. Nh3 d5 5. Bg2 Bd6 6. Bf4 Nc6 7. e3 e5 8. dxe5 Nxe5 9. Nc3 Bg4 10. f3 Bf5 11. Ng5 Nc4 12. O-O Nxb2 13. Qb1 Nc4 14. Qxb7 O-O 15. e4 dxe4 16. fxe4 Bxf4 17. gxf4 Qd4+ 18.
Kh1 Qxc3 19. exf5 Qg3 20. Qb3 Ne3 21. Bxa8 Nfg4 0-1

[Event "Late-Titled-Tuesday-Blitz-October-24-2023"]
[Site "Chess.com"]
[Date "2023.10.24"]
[Round "4"]
[White "louis198"]
[Black "Artemiki"]
[Result "1-0"]
[WhiteElo "2649"]
[BlackElo "2389"]
[TimeControl "180+1"]
[EndTime "14:37:39 PDT"]
[Termination "louis198 won on time"]

1. d4 Nf6 2. c4 c5 3. e3 e6 4. Nf3 d5 5. Nc3 Nc6 6. cxd5 Nxd5 7. Bb5 Bd7 8. O-O cxd4 9. exd4 Nxc3 10.
bxc3 Be7 11. Rb1 O-O 12. Bd3 Na5 13. Ne5 Rc8 14. Nxd7 Qxd7 15. Qh5 f5 16. Bd2 Nc4 17. Bf4 b6 18. Qe2 Qd5 19. Rfe1 Bd6 20. Bxc4 Rxc4 21. Bxd6 Re8 22. Be5 Rxc3 23. Rbc1 Ra3 24. Rc7 Rxa2 25. Qh5 Re7 26. Rc8+ 1-0

[Event "Late-Titled-Tuesday-Blitz-October-24-2023"]
[Site "Chess.com"]
[Date "2023.10.24"]
[Round "4"]
[White "JuniorJumper"]
[Black "Fradi82"]
[Result "1/2-1/2"]
[WhiteElo "2622"]
[BlackElo "2350"]
[TimeControl "180+1"]
[EndTime "14:37:42 PDT"]
[Termination "Game drawn by agreement"]

1. d4 d5 2. c4 e6 3. Nc3 c6 4. e4 Bb4 5. exd5 exd5 6. Nf3 Nf6 7. Be3 O-O 8. Be2 Ne4 9. Rc1 Bf5 10. Bd3 dxc4 11. Bxc4 Nxc3 12. bxc3 Ba3 13. Rb1 Bxb1 14. Qxb1 Qb6 15. Bb3 Qb5 16. Ne5 Bd6 17. Nc4 Bc7 18. O-O Nd7 19. h3 Nb6 1/2-1/2

[Event "Late-Titled-Tuesday-Blitz-October-24-2023"]
[Site "Chess.com"]
[Date "2023.10.24"]
[Round "4"]
[White "The_Sherman_Variation"]
[Black "Alex_Sahakyan2006"]
[Result "0-1"]
[WhiteElo "2569"]
[BlackElo "2743"]
[TimeControl "180+1"]
[EndTime "14:37:48 PDT"]
[Termination "Alex_Sahakyan2006 won by resignation"]

1. e4 c5 2. Nf3 g6 3. d4 cxd4 4. Nxd4 Bg7 5. Be3 Nf6 6. Nc3 Nc6 7. Bc4 O-O 8. Bb3 Re8 9. f3 e6 10. Qd2 d5 11. Nxc6 bxc6 12. O-O-O a5 13. Na4 Nd7 14. h3 Ba6 15. g4 Bb5 16. h4 Rb8 17. c3 Ne5 18.
Qg2 Bxa4 19. Bxa4 Nc4 20. Bg5 f6 21. b3 fxg5 22. bxc4 Qd6 23. Bb3 a4 24. Kb2 axb3 25.
axb3 Qb4 26. Qc2 dxc4 27. e5 Bxe5 0-1

[Event "Late-Titled-Tuesday-Blitz-October-24-2023"]
[Site "Chess.com"]
[Date "2023.10.24"]
[Round "4"]
[White "rockstar0902"]
[Black "Willi_Skibbe"]
[Result "1-0"]
[WhiteElo "2627"]
[BlackElo "2233"]
[TimeControl "180+1"]
[EndTime "14:37:53 PDT"]
[Termination "rockstar0902 won by resignation"]

1. c4 e6 2. Nc3 d5 3. d4 Nf6 4.
cxd5 exd5 5. Bg5 Be7 6. e3 h6 7. Bh4 O-O 8. Bd3 Re8 9. Qc2 c6 10. Nge2 Nbd7 11. O-O Nh5 12. Bxe7 Qxe7 13. Rae1 Nb6 14.
Nc1 Bd7 15. Nb3 Nc8 16. e4 dxe4 17. Nxe4 Be6 18. Nbc5 Nf4 19. Ng3 Nd6 20. Re3 b6 21.
Nxe6 Nxe6 22. Qxc6 Nxd4 23. Qxa8 1-0

[Event "Late-Titled-Tuesday-Blitz-October-24-2023"]
[Site "Chess.com"]
[Date "2023.10.24"]
[Round "4"]
[White "alexrustemov"]
[Black "SpeedofLight0"]
[Result "1-0"]
[WhiteElo "2797"]
[BlackElo "2981"]
[TimeControl "180+1"]
[EndTime "14:37:55 PDT"]
[Termination "alexrustemov won by resignation"]

1. d4 Nf6 2. c4 e6 3. Nf3 d5 4. Nc3 c6 5. e3 Nbd7 6. Qc2 Bd6 7. b3 O-O 8. Be2 e5 9. cxd5 cxd5 10. Nb5 Bb4+ 11. Bd2 Bxd2+ 12. Nxd2 a6 13. dxe5 Nxe5 14. Nd4 Bg4 15. f3 Bh5 16. Kf2 Bg6 17. Qb2 Re8 18.
Rhd1 Nfd7 19. Nf1 Nc5 20. Kg1 h5 21. Qd2 h4 22. Rac1 Rc8 23. Rc3 h3 24. g3 Ncd7 25.
Rxc8 Qxc8 26. Rc1 Qd8 27. Qc3 Nf8 28. Qc7 Qf6 29. Qxb7 Ne6 30. Qxd5 Rd8 31. Qb7 Rxd4 32. exd4 Nxd4 33. Qc8+ Kh7 34. Qxh3+ Bh5 35. Qxh5+ Qh6 36. Qxh6+ Kxh6 37. Kf2 Ndxf3 38. Rc5 Nd7 39. Rc6+ 1-0

[Event "Late-Titled-Tuesday-Blitz-October-24-2023"]
[Site "Chess.com"]
[Date "2023.10.24"]
[Round "4"]
[White "rikchessmx"]
[Black "Maluco_do_Natal_00"]
[Result "1-0"]
[WhiteElo "2277"]
[BlackElo "2021"]
[TimeControl "180+1"]
[EndTime "14:37:59 PDT"]
[Termination "rikchessmx won on time"]

1. e4 c5 2. Nf3 Nc6 3. d4 cxd4 4. Nxd4 Nf6 5. Nxc6 bxc6 6. Bd3 g6 7. O-O Qc7 8. f4 d6 9. Kh1 Bg7 10. Nc3 O-O 11. Qe1 Nd7 12. Qh4 Nc5 13. f5 Rb8 14.
Bh6 Rxb2 15. Bxg7 Kxg7 16. f6+ exf6 17. Nd5 cxd5 18. Qxf6+ Kg8 19. Qxb2 dxe4 20. Be2 Be6 21. Qd4 d5 22. c4 Rd8 23. cxd5 Rxd5 24. Qc3 Qd6 25. Rab1 Nd3 26. h3 Rc5 27. Qa3 Kg7 28. Qxa7 Qd4 29. Bg4 1-0

[Event "Late-Titled-Tuesday-Blitz-October-24-2023"]
[Site "Chess.com"]
[Date "2023.10.24"]
[Round "4"]
[White "jk13"]
[Black "rdarruda"]
[Result "1-0"]
[WhiteElo "2690"]
[BlackElo "2540"]
[TimeControl "180+1"]
[EndTime "14:38:00 PDT"]
[Termination "jk13 won by resignation"]

1. e4 c5 2. c3 e6 3. d4 d5 4.
exd5 exd5 5. Nf3 Bd6 6. Bb5+ Nc6 7. dxc5 Bxc5 8. O-O Ne7 9. Nbd2 O-O 10. Nb3 Bd6 11. Bd3 h6 12. h3 Be6 13. Re1 Qd7 14.
Be3 Rfe8 15. Bc5 Bc7 16. Nbd4 Nxd4 17. Nxd4 Nc6 18. Nxe6 Rxe6 19. Rxe6 fxe6 20. Bc2 Bd6 21. Be3 Rf8 22. Qd3 Rf6 23. Qh7+ Kf7 24. Rd1 Qe7 25. Bb3 Bc5 26. Re1 Bxe3 27. Rxe3 d4 28. cxd4 Nxd4 29. Bc4 Qb4 30. Qd3 Rf4 31. g3 Qxc4 32. Qxc4 1-0

[Event "Late-Titled-Tuesday-Blitz-October-24-2023"]
[Site "Chess.com"]
[Date "2023.10.24"]
[Round "4"]
[White "TanitoluwaAps116"]
[Black "ShahxaibKhan"]
[Result "1-0"]
[WhiteElo "2646"]
[BlackElo "2432"]
[TimeControl "180+1"]
[EndTime "14:38:02 PDT"]
[Termination "TanitoluwaAps116 won by resignation"]

1. e4 d5 2. exd5 Nf6 3. d4 Nxd5 4. Nf3 g6 5. Bd3 Bg7 6. O-O O-O 7. Re1 Nb4 8. Bc4 a6 9. c3 Nd5 10. Bg5 Nf6 11.
Qe2 b5 12. Bb3 e6 13. Nbd2 Bb7 14. a4 Qd7 15. Ne5 Qe8 16. axb5 axb5 17. Rxa8 Bxa8 18. h4 h6 19. Bxf6 Bxf6 20. Qg4 Nd7 21. Nxg6 fxg6 22.
Rxe6 Qf7 23. Rxf6 Nxf6 24. Qxg6+ Kh8 25. Bxf7 1-0

[Event "Late-Titled-Tuesday-Blitz-October-24-2023"]
[Site "Chess.com"]
[Date "2023.10.24"]
[Round "4"]
[White "MatthewG-p4p"]
[Black "KChor05TTV"]
[Result "1-0"]
[WhiteElo "2924"]
[BlackElo "2684"]
[TimeControl "180+1"]
[EndTime "14:38:05 PDT"]
[Termination "MatthewG-p4p won by resignation"]

1. f4 g6 2. Nf3 Bg7 3. g3 d5 4. Bg2 Nf6 5. O-O O-O 6. d3 c6 7. Nc3 Nbd7 8. e4 dxe4 9. dxe4 e5 10.
f5 Nc5 11. Qe2 gxf5 12. Nh4 fxe4 13. Bg5 Ne6 14. Bxf6 Bxf6 15. Nf5 Nd4 16. Nxd4 Qxd4+ 17. Kh1 Bg7 18. Rad1 Qb4 19. Nxe4 f5 20. c3 Qe7 21. Nd6 Be6 22. Bh3 f4 23. Bxe6+ Qxe6 24. gxf4 Rad8 25. f5 Qxa2 26. Qg4 Rf6 27. Ne4 Rxd1 28. Nxf6+ Kh8 29.
Rxd1 Bxf6 30. c4 Qxb2 31. Rg1 1-0

[Event "Late-Titled-Tuesday-Blitz-October-24-2023"]
[Site "Chess.com"]
[Date "2023.10.24"]
[Round "4"]
[White "kleinebeer98"]
[Black "NMJeevanK"]
[Result "1-0"]
[WhiteElo "2869"]
[BlackElo "2602"]
[TimeControl "180+1"]
[EndTime "14:38:07 PDT"]
[Termination "kleinebeer98 won by resignation"]

1. e4 d6 2. d4 Nf6 3. Nc3 e5 4. Nf3 Nbd7 5. g4 g6 6. g5 Nh5 7. Be3 Bg7 8. Qd2 O-O 9. O-O-O c6 10. Be2 b5 11. dxe5 dxe5 12. Qd6 Qa5 13. Qxc6 b4 14. Nd5 Rb8 15. Ne7+ Kh8 16. Nxc8 Rfxc8 17. Qxd7 Qxa2 18. Qd5 b3 19. Bc4 Qa1+ 20. Kd2 Qxb2 21. Bxb3 Rd8 22. Rb1 Qa3 23. Ke2 Rxd5 24. Bxd5 Qa6+ 25.
c4 Qa2+ 26. Nd2 Rd8 27. Ra1 Qb2 28. Rhb1 Qc3 29. Rc1 Qb2 30. Rab1 Qa3 31. c5 Nf4+ 32. Bxf4 exf4 33. c6 Be5 34. Nc4 f3+ 35. Kf1 Qd3+ 36.
Kg1 Bc7 37. Ne3 Rxd5 38. exd5 Qd4 39. Rb7 Qf4 40. Rxc7 Qxc7 41. d6 Qxd6 42. c7 Qd4 43. c8=Q+ Kg7 44. Qc3 1-0

[Event "Late-Titled-Tuesday-Blitz-October-24-2023"]
[Site "Chess.com"]
[Date "2023.10.24"]
[Round "4"]
[White "KVAIDAN"]
[Black "cthulhuuu"]
[Result "1-0"]
[WhiteElo "2421"]
[BlackElo "2416"]
[TimeControl "180+1"]
[EndTime "14:38:09 PDT"]
[Termination "KVAIDAN won by resignation"]

1. f4 d5 2. Nf3 Nf6 3. e3 c5 4. b3 Nc6 5. Bb2 Bg4 6. Bb5 Qb6 7.
a4 a6 8. a5 Qc7 9. Bxc6+ Qxc6 10.
O-O e6 11. Qe1 Bxf3 12. Rxf3 Be7 13. Rg3 g6 14. Nc3 O-O-O 15. Na4 d4 16. exd4 cxd4 17. Qe5 Qd6 18. Nb6+ Kb8 19. Bxd4 Ne4 20. Rd3 f6 21. Qxe4 e5 22. Bxe5 fxe5 23. Rxd6 Bxd6 24. fxe5 Rhe8 25. d4 Bb4 26. c4 Bc3 27. Rd1 Bxa5 28. Nd5 Bc7 29. Nf6 Re6 30. Ng4 h5 31. Ne3 Rxe5 32. dxe5 Bb6 33. Rxd8+ 1-0

[Event "Late-Titled-Tuesday-Blitz-October-24-2023"]
[Site "Chess.com"]
[Date "2023.10.24"]
[Round "4"]
[White "filipluczak05"]
[Black "marik_spb"]
[Result "1-0"]
[WhiteElo "2612"]
[BlackElo "2388"]
[TimeControl "180+1"]
[EndTime "14:38:10 PDT"]
[Termination "filipluczak05 won by resignation"]

1. d4 Nf6 2. Nc3 d5 3. Bf4 c5 4. e3 e6 5. Nb5 Na6 6. c3 Qb6 7. a4 c4 8. Nf3 Bd7 9. b4 Bxb5 10. axb5 Qxb5 11. Ra5 Qb6 12. Qa4+ Nd7 13. Ne5 Rd8 14. Rb5 Qc7 15. Ng6 Qc6 16. Nxh8 Nb6 17. Qa5 Be7 18. Be2 Kf8 19. O-O Kg8 20. Nxf7 Kxf7 21. e4 Kg8 22. exd5 Nxd5 23. Bf3 Rf8 24. Rxd5 exd5 25. Bxd5+ 1-0

[Event "Late-Titled-Tuesday-Blitz-October-24-2023"]
[Site "Chess.com"]
[Date "2023.10.24"]
[Round "4"]
[White "Mykola-Bortnyk"]
[Black "Lennis93"]
[Result "0-1"]
[WhiteElo "2951"]
[BlackElo "2775"]
[TimeControl "180+1"]
[EndTime "14:38:11 PDT"]
[Termination "Lennis93 won by resignation"]

1. e4 c5 2. c3 Nf6 3. e5 Nd5 4. Bc4 Nb6 5. Bb3 Nc6 6. d4 d5 7.
dxc5 Nc4 8. Bxc4 dxc4 9. Qxd8+ Kxd8 10. Nf3 Bf5 11. Na3 Bd3 12. Be3 e6 13. O-O-O Kc8 14.
Rhe1 h6 15. b3 a6 16. Nxc4 Bxc4 17. bxc4 Be7 18. Kc2 Kc7 19. Rd6 Bxd6 20. cxd6+ Kd7 21. Rb1 Rhb8 22. Bb6 f6 23. exf6 gxf6 24. Bc7 Rg8 25.
g3 b5 26. cxb5 axb5 27. Rxb5 Rxa2+ 28. Kd3 Rxf2 29. Ke3 Rc2 30. Kd3 Rf2 31. Ke3 Ra2 32. Rh5 Rg6 33. Nh4 Rxh2 34. Kf4 Ne5 35. Bb6 Rg4+ 36. Ke3 Rxg3+ 0-1